 Dungeon Crawl Stone Soup version 0.19-a0-1568-gdd01aac (webtiles) character file.

163893 st0uf the Thaumaturge (level 17, -1/103 HPs)
             Began as a Gargoyle Earth Elementalist on Sept 12, 2016.
             Was the Champion of Vehumet.
             Shot with an arrow by a deep elf master archer (19 damage)
             ... on level 3 of the Elven Halls on Sept 15, 2016.
             The game lasted 04:54:40 (34353 turns).

st0uf the Thaumaturge (GrEE)                       Turns: 34353, Time: 04:54:41

Health: -1/103     AC: 25    Str: 22    XL:     17   Next: 84%
Magic:  17/49      EV: 17    Int: 28    God:    Vehumet [******]
Gold:   1613       SH:  6    Dex: 14    Spells: 10 memorised, 6 levels left

rFire  + . .     SeeInvis +     G - staff of power
rCold  . . .     Gourm    .     s - +4 robe of Augmentation {Str+4 Int+4 Dex+4}
rNeg   + + .     Faith    .     v - +0 buckler
rPois  ∞         Spirit   .     W - +0 helmet of Raiqikh {Int+3}
rElec  +         Dismiss  .     z - +0 cloak {MR+}
rCorr  .         Reflect  .     F - +0 pair of gloves
MR     +++..     Harm     .     U - +0 pair of boots
Stlth  ++........               A - amulet of the Cockatrice {RegenMP MR+ Str+4}
                                k - ring of protection from fire
                                P - ring of Xiheun {+Inv rN+ SInv}

@: flying
A: big wings, negative energy resistance 1, electricity resistance, unbreathing,
petrification resistance, rot immunity, AC +12
a: Stop Flying, Renounce Religion, Evoke Invisibility


You were on level 3 of the Elven Halls.
You worshipped Vehumet.
Vehumet was exalted by your worship.
You were not hungry.

You visited 5 branches of the dungeon, and saw 27 of its levels.
You also visited: Labyrinth and Sewer.

You collected 2186 gold pieces.
You spent 573 gold pieces at shops.

Inventory:

Missiles
 b - 507 stones (quivered)
Armour
 o - a +0 helmet
 s - the +4 robe of Augmentation (worn) {Str+4 Int+4 Dex+4}
   (You found it on level 6 of the Lair of Beasts)

   It affects your strength (+4).
   It affects your intelligence (+4).
   It affects your dexterity (+4).
 v - a +0 buckler (worn)
 z - a +0 cloak of magic resistance (worn)
 F - a +0 pair of gloves (worn)
 U - a +0 pair of boots (worn)
 W - the +0 helmet of Raiqikh (worn) {Int+3}
   (You found it on level 3 of the Elven Halls)

   It affects your intelligence (+3).
Magical Staves
 w - an uncursed staff of cold
 G - an uncursed staff of power (weapon)
 Q - an uncursed staff of earth
Rods
 x - a +6 rod of clouds (12/12)
   (You found it on level 6 of the Lair of Beasts)
Jewellery
 f - an uncursed ring of wizardry
 k - a ring of protection from fire (right hand)
 p - an uncursed amulet of regeneration
 A - the amulet of the Cockatrice (around neck) {RegenMP MR+ Str+4}
   (You found it on level 6 of the Lair of Beasts)

   [amulet of magic regeneration]

   It increases your magic regeneration.
   It affects your strength (+4).
   It affects your resistance to hostile enchantments.
 P - the ring of Xiheun (left hand) {+Inv rN+ SInv}
   (You found it in a labyrinth)

   [ring of positive energy]

   It protects you from negative energy.
   It lets you see invisible.
   It lets you turn invisible.
 V - a +3 ring of protection
Wands
 g - a wand of flame (10/48)
 l - a wand of flame (21/48)
 L - a wand of disintegration (19/24)
Scrolls
 c - 2 scrolls of blinking
 h - 7 scrolls of identify
 y - 3 scrolls of teleportation
 C - a scroll of vulnerability {unknown}
 D - 4 scrolls of remove curse
 I - 5 scrolls of magic mapping
 J - a scroll of recharging
 K - 2 scrolls of silence
 M - 2 scrolls of summoning {unknown}
 N - a scroll of brand weapon {unknown}
 O - a scroll of fog {unknown}
 S - 2 scrolls of immolation
 X - a scroll of fear {unknown}
 Y - a scroll of enchant weapon {unknown}
Potions
 a - 2 potions of resistance
 m - 5 potions of curing
 n - 8 potions of brilliance
 q - a potion of berserk rage
 r - 2 potions of agility
 t - a potion of haste
 u - a potion of might {unknown}
 B - 9 potions of heal wounds
 H - a potion of magic {unknown}
Books
 e - a book of Geomancy

   Spells                             Type                      Level
   a - Sandblast                      Earth                        1
   b - Passwall                       Transmutation/Earth          2
   c - Stone Arrow                    Conjuration/Earth            3
   d - Petrify                        Transmutation/Earth          4
   e - Lee's Rapid Deconstruction     Earth                        5
 Z - Roxanne's Collected Works on the Rocks
   (You took it off Roxanne on level 3 of the Elven Halls)

   Spells                             Type                      Level
   a - Sandblast                      Earth                        1
   b - Stone Arrow                    Conjuration/Earth            3
   c - Statue Form                    Transmutation/Earth          6
   d - Shatter                        Earth                        9
Miscellaneous
 R - a sack of spiders
 T - a box of beasts
Comestibles
 d - 18 bread rations
 i - a chunk of flesh
 j - 9 fruits
 E - 3 meat rations


   Skills:
 + Level 10.6 Fighting
 + Level 8.4 Staves
 + Level 9.4 Armour
 + Level 7.6 Dodging
 - Level 2.1 Stealth
 + Level 9.7 Shields
 * Level 13.5 Spellcasting
 + Level 11.0 Conjurations
 - Level 5.1 Charms
   Level 0.7 Transmutations
 + Level 7.5 Fire Magic
 + Level 6.7 Ice Magic
 + Level 2.8 Air Magic
 + Level 12.7 Earth Magic
 - Level 6.0 Poison Magic
 * Level 6.1 Evocations


You had 6 spell levels left.
You knew the following spells:

 Your Spells              Type           Power        Failure   Level  Hunger
a - Sandblast             Erth           ######       0%          1    None
b - Stone Arrow           Conj/Erth      ######       1%          3    None
c - Lee's Rapid Deconstr  Erth           ######....   1%          5    ##.....
d - Fireball              Conj/Fire      ######....   1%          5    ##.....
e - Sticky Flame          Conj/Fire      ######..     1%          4    None
f - Mephitic Cloud        Conj/Pois/Air  ######..     1%          3    None
g - Ozocubu's Refrigerat  Ice            ######....   8%          6    ####...
h - Ozocubu's Armour      Chrm/Ice       ######..     1%          3    None
i - Bolt of Magma         Conj/Fire/Erth ######....   1%          5    ##.....
j - Delayed Fireball      Conj/Fire      N/A          19%         7    ######.


Dungeon Overview and Level Annotations

Branches:
Dungeon (15/15)            Temple (1/1) D:6            Lair (6/6) D:9
 Shoals (0/4) Lair:2       Spider (0/4) Lair:2        Slime (0/5) Lair:5
    Orc (2/2) D:10            Elf (3/3) Orc:2        Vaults (0/5) D:14
 Depths (0/5) D:15

Altars:
Ashenzari
Cheibriados
Dithmenos
Elyvilon
Fedhas
Gozag
Hepliaklqana
Kikubaaqudgha
Makhleb
Nemelex Xobeh
Okawaru
Qazlal
Ru
Sif Muna
Trog
Uskayaw
Vehumet
Xom
Yredelemnul
Zin
The Shining One

Shops:
D:9 ?   D:10 !   D:13 *   D:14 (=*   Orc:2 [(=*!   Elf:3 }}=

Annotations:
Lair:5 exclusion: downstairs


Innate Abilities, Weirdness & Mutations

You are resistant to torment.
Your stone body is resilient. (AC +12)
You are immune to poison.
Your large and strong wings let you fly indefinitely.
You resist negative energy. (rN+)
You are resistant to electric shocks. (rElec)
You can survive without breathing.
You are immune to petrification.
You are immune to rotting.


Message History

You start resting.
A deep elf demonologist comes into view.
It is wielding a rapier.
The deep elf demonologist shouts!
Some of the chunks of flesh in your inventory have rotted away.
A deep elf master archer comes into view.
The deep elf master archer wields a longbow.
The deep elf master archer shoots an arrow.
The arrow hits you!!
You see here an arrow.
The deep elf master archer shoots an arrow.
The arrow hits you!!
* * * LOW HITPOINT WARNING * * *
A deep elf annihilator comes into view. It is wielding a short sword.
You see here an arrow.
There is an open door here.
You reach down and close the door.
A deep elf master archer opens the door.
The deep elf master archer shoots an arrow.
The arrow hits you!!
You die...

# #.# ##.#######.# ## #.#
##.## #.# .###.# ##.## ###'###
#.##.# ##.## ##.....##
##)#'#####.## ##.<.....##
##)...##.## ##.........##
###.....'## ##...........##
'...)..).## #.............#
#.........######@............#
#.........'..................#
#........e##..#.#............#
'#.......###.................#
###.....## ##.#.#.).........##
##.....## #..............##
##.###(######.#####.......##
#.....(......## ##.....##
#....####....#############


You could see a deep elf master archer.

Vanquished Creatures
  Roxanne (Elf:3)
  The ghost of slayr the Warrior, a journeyman MiGl of Dithmenos (Lair:5)
  A deep elf elementalist (Elf:3)
  2 orc warlords
  Louise (Elf:2)
  A deep elf demonologist (Elf:3)
  The ghost of Iwannabefree the Thaumaturge, a journeyman DESu of Ashenzari (Lair:6)
  5 deep elf annihilators (Elf:3)
  A minotaur (Lab)
  An ogre mage (D:14)
  3 deep elf high priests
  8 hydras
  4 vault guards (D:14)
  A yaktaur captain (D:15)
  A death knight (D:14)
  2 centaur warriors (D:13)
  9 death yaks
  25 dancing weapons
  A shock serpent (shapeshifter) (Elf:1)
  2 orc high priests (Orc:2)
  14 deep elf knights
  6 hill giants
  2 unseen horrors
  15 deep elf archers
  Pikel (D:3)
  2 wolf spider zombies
  6 orc knights
  A phantasmal warrior (D:14)
  2 griffons
  An oklob plant (Lair:4)
  62 deep elf magi
  An orb spider (Lair:2)
  5 cyclopes
  4 orc sorcerers
  9 ugly things
  2 centaur zombies
  18 elephants
  6 black mambas
  2 gargoyles
  26 spiny frogs
  3 rime drakes
  2 kobold demonologists
  A freezing wraith (D:15)
  5 komodo dragons
  11 trolls
  A tengu conjurer (D:14)
  4 tyrant leeches (Lair:6)
  2 two-headed ogres
  A two-headed ogre (shapeshifter) (D:13)
  Prince Ribbit (D:6)
  A raiju (shapeshifter) (D:15)
  A boulder beetle (Lair:6)
  15 blink frogs
  An air elemental (Elf:3)
  5 water elementals
  5 wraiths
  3 shadows
  A wyvern (Lair:6)
  A spriggan (D:8)
  A fire elemental (Elf:2)
  4 humans (D:6)
  36 yaks
  4 basilisks (Lab)
  11 hippogriffs
  3 hungry ghosts
  11 vampire mosquitoes
  Menkaure (D:7)
  A warg (Orc:2)
  Edmund (D:4)
  A mottled dragon (D:15)
  An insubstantial wisp (D:15)
  A naga (shapeshifter) (D:14)
  A soldier ant (D:13)
  Duvessa (D:6)
  8 water moccasins
  4 porcupines
  3 ice beasts
  A swamp drake (D:15)
  A black bear (Lair:3)
  A slave (D:1)
  Purgy (Sewer)
  38 orc warriors
  6 sky beasts
  An eye of draining (D:14)
  A necrophage (D:7)
  12 ogres
  2 wasps
  7 centaurs
  3 phantoms
  13 crocodiles
  9 wolves
  The ghost of jacquesderrida the Ruffian, an amateur VSWn of Cheibriados (Sewer)
  A big kobold (D:9)
  23 bullfrogs
  An earth elemental (Elf:1)
  A wyvern zombie (D:9)
  5 scorpions
  Dowan (D:6)
  14 killer bees
  17 wights
  16 jellies
  5 howler monkeys
  8 electric eels
  2 crimson imps (D:9)
  A wasp zombie (D:6)
  A bullfrog zombie (D:11)
  5 hounds
  8 orc priests
  Crazy Yiuf (D:4)
  4 bullfrog skeletons
  5 centaur skeletons
  10 iguanas
  24 orc wizards
  16 worker ants
  2 hound skeletons
  5 gnolls
  41 river rats
  12 adders
  5 shadow imps
  An ooze (Lair:5)
  An adder zombie (D:9)
  An adder skeleton (D:6)
  5 worms
  5 dart slugs (D:1)
  12 leopard geckos
  71 orcs
  19 bats
  7 giant cockroaches
  7 goblins
  5 hobgoblins
  13 jackals
  16 kobolds
  4 quokkas
  4 frilled lizards
  A giant cockroach zombie (D:5)
  A leopard gecko skeleton (D:4)
  2 quokka zombies
  22 rats
  A bush (D:4)
  2 crawling corpses (Elf:3)
944 creatures vanquished.

Vanquished Creatures (others)
  A slave (D:4)
  A hound skeleton (D:4)
  10 fungi
  52 plants
64 creatures vanquished.

Grand Total: 1008 creatures vanquished

Notes
Turn   | Place    | Note
-------+----------+-------------------------------------------
     0 | D:1      | st0uf the Gargoyle Earth Elementalist began the quest for the Orb.
     0 | D:1      | Reached XP level 1. HP: 10/10 MP: 3/3
   317 | D:1      | Reached XP level 2. HP: 15/15 MP: 0/5
   736 | D:1      | Reached XP level 3. HP: 19/19 MP: 4/7
   828 | D:1      | Reached skill level 3 in Spellcasting
  1200 | D:1      | Learned a level 3 spell: Stone Arrow
  1282 | D:1      | Reached XP level 4. HP: 24/24 MP: 6/9
  1929 | D:2      | Reached skill level 1 in Conjurations
  2172 | D:3      | Reached skill level 4 in Spellcasting
  2172 | D:3      | Reached XP level 5. HP: 28/28 MP: 4/11
  2890 | D:4      | Found a basalt altar of Yredelemnul.
  2985 | D:4      | Reached XP level 6. HP: 32/32 MP: 10/13
  2994 | D:4      | Reached skill level 5 in Earth Magic
  3008 | D:4      | Reached skill level 5 in Spellcasting
  3025 | D:4      | Found a blossoming altar of Fedhas.
  3025 | D:4      | Noticed Edmund
  3079 | D:4      | Found a glowing drain.
  3130 | Sewer    | Entered a sewer
  3337 | Sewer    | Noticed jacquesderrida's ghost (amateur VSWn)
  3403 | Sewer    | Noticed Purgy
  3445 | Sewer    | Killed Purgy
  3445 | Sewer    | Reached XP level 7. HP: 10/36 MP: 6/15
  3475 | Sewer    | Killed jacquesderrida's ghost
  3970 | D:4      | Reached skill level 6 in Spellcasting
  4072 | D:4      | Noticed Pikel
  4215 | D:4      | Reached XP level 8. HP: 39/41 MP: 10/17
  4436 | D:4      | Killed Edmund
  4687 | D:3      | Killed Pikel
  4687 | D:3      | Reached skill level 7 in Spellcasting
  4687 | D:3      | Reached skill level 5 in Conjurations
  5056 | D:4      | Reached XP level 9. HP: 30/45 MP: 0/20
  5545 | D:4      | Found a runed door.
  5549 | D:4      | Noticed Crazy Yiuf
  5551 | D:4      | Killed Crazy Yiuf
  5596 | D:5      | Entered Level 5 of the Dungeon
  5687 | D:5      | Found a radiant altar of Vehumet.
  5690 | D:5      | Became a worshipper of Vehumet
  5730 | D:5      | Found a shattered altar of Ashenzari.
  5980 | D:5      | Reached skill level 1 in Armour
  5984 | D:5      | Reached skill level 8 in Spellcasting
  6297 | D:5      | Reached skill level 1 in Shields
  6580 | D:5      | Learned a level 5 spell: Lee's Rapid Deconstruction
  6607 | D:6      | Reached * piety under Vehumet
  6607 | D:6      | Offered knowledge of Sting by Vehumet.
  6629 | D:6      | Reached skill level 1 in Fighting
  6675 | D:6      | Noticed Prince Ribbit
  6682 | D:6      | Killed Prince Ribbit
  6682 | D:6      | Reached skill level 1 in Staves
  6951 | D:6      | Killed an unseen horror
  7027 | D:6      | Reached XP level 10. HP: 56/56 MP: 13/22
  7202 | D:6      | Noticed Dowan
  7203 | D:6      | Noticed Duvessa
  7207 | D:6      | Killed Dowan
  7211 | D:6      | Killed Duvessa
  7524 | D:6      | Found a staircase to the Ecumenical Temple.
  7538 | Temple   | Entered the Ecumenical Temple
  8545 | D:7      | Reached ** piety under Vehumet
  8545 | D:7      | Offered knowledge of Shock by Vehumet.
  8777 | D:7      | Noticed Menkaure
  8781 | D:7      | Killed Menkaure
  8852 | D:7      | Reached skill level 9 in Spellcasting
  9563 | D:8      | You fall through a shaft!
  9596 | D:9      | Identified the Papyrus of Changing
  9740 | D:9      | Offered knowledge of Dazzling Spray by Vehumet.
  9761 | D:9      | Reached skill level 5 in Fighting
  9763 | D:9      | Reached *** piety under Vehumet
  9855 | D:9      | Found a staircase to the Lair.
 10009 | D:9      | Found Eco Leth's Magic Scroll Emporium.
 10112 | D:9      | Reached XP level 11. HP: 59/63 MP: 24/24
 10116 | D:9      | Offered knowledge of Fulminant Prism by Vehumet.
 10640 | D:9      | Found a hide-covered altar of Uskayaw.
 10709 | D:9      | Found a sparkling altar of Nemelex Xobeh.
 10773 | D:9      | Reached **** piety under Vehumet
 10902 | D:9      | Offered knowledge of Olgreb's Toxic Radiance by Vehumet.
 11198 | Lair:1   | Entered Level 1 of the Lair of Beasts
 11270 | Lair:1   | Learned a level 5 spell: Fireball
 11275 | Lair:1   | Learned a level 4 spell: Sticky Flame
 11825 | Lair:1   | Noticed an eight-headed hydra
 11831 | Lair:1   | Killed an eight-headed hydra
 11831 | Lair:1   | Reached skill level 1 in Fire Magic
 12249 | Lair:1   | Learned a level 3 spell: Mephitic Cloud
 12249 | Lair:1   | Upgraded the game from 0.19-a0-1513-gf6d23ed to 0.19-a0-1532-g228a5d9
 12309 | Lair:2   | Reached skill level 5 in Shields
 12326 | Lair:2   | Found a labyrinth entrance.
 12357 | Lab      | Entered a labyrinth
 12543 | Lab      | Learned a level 4 spell: Petrify
 12614 | Lab      | Noticed a minotaur
 12626 | Lab      | Killed a minotaur
 12626 | Lab      | Reached skill level 5 in Armour
 12626 | Lab      | Reached skill level 10 in Spellcasting
 12647 | Lab      | Got a faintly glowing granite ring
 12647 | Lab      | Got a smoking platinum ring
 12660 | Lab      | Identified the ring of Xiheun {+Inv rN+ SInv} (You found it in a labyrinth)
 12661 | Lab      | Identified the ring "Ymotoyt" {rF+ Str+5 Dex-3} (You found it in a labyrinth)
 12854 | Lair:2   | Found a staircase to the Shoals.
 12859 | Lair:2   | Reached XP level 12. HP: 34/71 MP: 26/26
 13109 | Lair:2   | You fall through a shaft for 2 floors!
 13427 | Lair:4   | Reached skill level 10 in Earth Magic
 13539 | Lair:3   | Reached ***** piety under Vehumet
 13634 | Lair:2   | Found a hole to the Spider Nest.
 13790 | Lair:2   | Offered knowledge of Venom Bolt by Vehumet.
 14541 | Lair:3   | Reached skill level 1 in Poison Magic
 14571 | Lair:3   | Identified the Grimoire of Displaced Augmentations
 14577 | Lair:3   | Learned a level 3 spell: Ozocubu's Armour
 14686 | Lair:3   | Noticed a death yak
 14686 | Lair:3   | Noticed a death yak
 14686 | Lair:3   | Noticed a death yak
 14687 | Lair:3   | Noticed a death yak
 14687 | Lair:3   | Noticed a death yak
 14720 | Lair:2   | Killed a death yak
 14823 | Lair:2   | Killed a death yak
 14823 | Lair:2   | Reached skill level 5 in Staves
 14938 | Lair:2   | Killed a death yak
 15077 | Lair:2   | Killed a death yak
 15077 | Lair:2   | Reached skill level 1 in Charms
 15077 | Lair:2   | Reached skill level 1 in Ice Magic
 15185 | Lair:3   | Killed a death yak
 15228 | Lair:3   | Reached XP level 13. HP: 78/78 MP: 16/27
 16208 | Lair:4   | Reached skill level 5 in Dodging
 17384 | Lair:5   | Found a staircase to the Slime Pits.
 17546 | Lair:5   | Reached skill level 11 in Spellcasting
 17567 | Lair:5   | Noticed slayr's ghost (journeyman MiGl)
 17621 | Lair:5   | Killed slayr's ghost
 17998 | Lair:5   | Offered knowledge of Bolt of Magma by Vehumet.
 18031 | Lair:5   | Learned a level 5 spell: Bolt of Magma
 18425 | Lair:6   | Entered Level 6 of the Lair of Beasts
 19215 | Lair:6   | Gained mutation: Your large and strong wings let you fly indefinitely. [Gargoyle growth]
 19215 | Lair:6   | Reached XP level 14. HP: 74/84 MP: 3/29
 20153 | Lair:6   | Offered knowledge of Ozocubu's Refrigeration by Vehumet.
 20658 | Lair:6   | Got a coiled emerald amulet
 20674 | Lair:6   | Identified the amulet of the Cockatrice {RegenMP MR+ Str+4} (You found it on level 6 of the Lair of Beasts)
 20680 | Lair:6   | Noticed Iwannabefree's ghost (journeyman DESu)
 20685 | Lair:6   | Identified a +6 rod of clouds (12/12) (You found it on level 6 of the Lair of Beasts)
 20792 | Lair:6   | Killed Iwannabefree's ghost
 21215 | Lair:1   | Learned a level 6 spell: Ozocubu's Refrigeration
 21315 | D:10     | Entered Level 10 of the Dungeon
 21627 | D:10     | Found a staircase to the Orcish Mines.
 21742 | D:10     | Found Liuj's Distillery.
 21745 | D:10     | Bought a potion of lignification for 39 gold pieces
 21909 | D:10     | Bought a potion of berserk rage for 65 gold pieces
 21909 | D:10     | Bought a potion of heal wounds for 65 gold pieces
 21909 | D:10     | Bought a potion of heal wounds for 65 gold pieces
 21909 | D:10     | Bought a potion of agility for 52 gold pieces
 21979 | D:11     | Reached skill level 5 in Fire Magic
 22121 | D:11     | Reached skill level 1 in Evocations
 22660 | Orc:1    | Entered Level 1 of the Orcish Mines
 22809 | Orc:1    | Noticed an orc warlord
 22946 | Orc:1    | Killed an orc warlord
 23032 | Orc:2    | Entered Level 2 of the Orcish Mines
 23032 | Orc:2    | Found Devewuuxi's General Store.
 23044 | Orc:1    | Reached XP level 15. HP: 75/91 MP: 19/30
 23155 | Orc:2    | Offered knowledge of Bolt of Fire by Vehumet.
 23298 | Orc:2    | Found a staircase to the Elven Halls.
 23309 | Orc:2    | Reached skill level 5 in Poison Magic
 23365 | Orc:2    | Found Goufif's Antique Weapon Boutique.
 23444 | Orc:2    | Found Divoxol's Antique Armour Shop.
 23460 | Orc:2    | Noticed an orc warlord
 23716 | Orc:2    | Killed an orc warlord
 23830 | Orc:2    | Bought a smoking robe for 125 gold pieces
 23832 | Orc:2    | Identified the +0 robe of Mumblety Peg {rCorr} (You bought it in a shop on level 2 of the Orcish Mines)
 23836 | Orc:2    | Found Zudugodgh's Jewellery Shoppe.
 23893 | Orc:2    | Found Cegudej's Distillery.
 23916 | Orc:2    | Bought a potion of heal wounds for 65 gold pieces
 23916 | Orc:2    | Bought a potion of mutation for 32 gold pieces
 23916 | Orc:2    | Bought a potion of heal wounds for 65 gold pieces
 23972 | Orc:2    | Reached skill level 12 in Spellcasting
 25061 | D:12     | Offered knowledge of Iron Shot by Vehumet.
 25603 | D:13     | Found Imisio's Demolitions Depot.
 25626 | D:13     | Reached skill level 10 in Conjurations
 25698 | D:12     | Upgraded the game from 0.19-a0-1532-g228a5d9 to 0.19-a0-1553-g64c24c3
 26978 | D:14     | Found a gate to the Vaults.
 27198 | D:14     | Found Vinoamei's Assorted Antiques.
 27370 | D:14     | Reached skill level 10 in Fighting
 27619 | D:14     | Found Kanush's Jewellery Boutique.
 27732 | D:14     | Found Ceiromei's Weapon Emporium.
 27843 | D:15     | Entered Level 15 of the Dungeon
 27881 | D:15     | Reached XP level 16. HP: 97/97 MP: 32/32
 28363 | D:15     | Reached skill level 5 in Ice Magic
 28573 | D:15     | Found a staircase to the Depths.
 28583 | D:15     | Offered knowledge of Freezing Cloud by Vehumet.
 28725 | D:15     | Reached skill level 5 in Charms
 29181 | Elf:1    | Entered Level 1 of the Elven Halls
 30136 | Elf:1    | Reached skill level 1 in Air Magic
 31568 | Elf:1    | Upgraded the game from 0.19-a0-1553-g64c24c3 to 0.19-a0-1568-gdd01aac
 31703 | Elf:2    | Found a runed gate.
 31703 | Elf:2    | Found a runed gate.
 31704 | Elf:2    | Found a runed gate.
 32104 | Elf:2    | Offered knowledge of Delayed Fireball by Vehumet.
 32162 | Elf:2    | Reached XP level 17. HP: 103/103 MP: 17/33
 32162 | Elf:2    | Reached skill level 13 in Spellcasting
 32185 | Elf:2    | Learned a level 7 spell: Delayed Fireball
 32385 | Elf:2    | Noticed Louise
 32414 | Elf:2    | Killed Louise
 32427 | Elf:2    | Reached skill level 5 in Evocations
 33620 | Elf:3    | Entered Level 3 of the Elven Halls
 33689 | Elf:3    | Found Leqyowaatt's Gadget Boutique.
 33691 | Elf:3    | Found Selam's Jewellery Shoppe.
 33692 | Elf:3    | Found Lischiz's Gadget Boutique.
 33836 | Elf:3    | Got a fine helmet
 33837 | Elf:3    | Identified the cursed +0 helmet of Raiqikh {Int+3} (You found it on level 3 of the Elven Halls)
 33966 | Elf:3    | Noticed Roxanne
 33971 | Elf:3    | Killed Roxanne
 33978 | Elf:3    | Identified Roxanne's Collected Works on the Rocks (You took it off Roxanne on level 3 of the Elven Halls)
 34306 | Elf:3    | Reached ****** piety under Vehumet
 34340 | Elf:3    | Noticed a deep elf master archer
 34353 | Elf:3    | Shot with an arrow by a deep elf master archer

Vault maps used:
D:1:      shiori_arrival_maze, nrook_uturn, minmay_misc_feat_nine_boxes
D:2:      first_bread
D:4:      lemuel_crystal_altar, nicolae_overflow_crystal_walls,
          portal_sewer_entry_f, minivault_25, uniq_pikel,
          uniq_crazy_yiuf_cottage, uniq_edmund
D:5:      overflow_temple_1_default, basic_altar, minmay_misc_feat_diagonals
D:6:      lemuel_ice_spiral_2, minmay_ruffians, uniq_duvessa,
          uniq_prince_ribbit1
D:7:      minmay_liquid_box, uniq_menkaure
D:8:      the_bakery
D:9:      kennysheep_mini, nemelex_xobeh_ov_fountains_minmay,
          grunt_lair_entry_orc_guard_hut, serial_shops, shop
D:10:     orc_0_dummy, serial_shops, kennysheep_mini_moat,
          minmay_misc_feat_square
D:13:     nicolae_blasting_shop
D:14:     grunt_vaults_entry_fortified, serial_shops, nicolae_shop_behind_doors,
          shop, shop, minmay_crystal_room, minmay_misc_feat_encased
D:15:     hangedman_depths_entry_civil_slaughter, minmay_misc_feat_five, pond
Temple:   lightli_temple_of_artemis
Lair:1:   lemuel_fruit_fields, infiniplex_staircase_pool
Lair:2:   shoals_dummy_entry, nicolae_spider_entry_orb_guardian,
          lab_entry_generic, lemuel_fruit_fields
Lair:3:   st_stairs_8, lemuel_fruit_fields
Lair:4:   grunt_forest_large_clearings, grunt_megastairs_3,
          serial_bayou_shore_a, lemuel_fruit_tree
Lair:5:   minmay_slime_entry_jelly_boxes, nicolae_quartered_pool_medium
Lair:6:   minmay_lair_end_frog_pond
Orc:2:    grunt_orc_gardens, grunt_orc_garden, grunt_orc_garden,
          grunt_orc_garden, grunt_orc_garden, serial_shops, shop
Elf:1:    minmay_ambush_box, kennysheep_underground_church, minivault_27
Elf:2:    uniq_louise
Elf:3:    minmay_elf_hall_not_hex, glass_columns_a, st_stairs_8, minivault_4,
          minmay_shop_grove, uniq_roxanne
Lab:      labyrinth_spiral, labyrinth_skeletal_remains, nicolae_lab_quarters,
          nicolae_lab_hexagon, lab_hedge, nicolae_lab_statue, lab_fountain,
          labyrinth_glass_1, nicolae_lab_checkerboard, nicolae_lab_stuck,
          nicolae_lab_do_over, nicolae_lab_arrow
Sewer:    sewer_the_crocodile

Skill      XL: |  1  2  3  4  5  6  7  8  9 10 11 12 13 14 15 16 17 |
---------------+----------------------------------------------------+-----
Earth Magic    | 4 5 6 7 8 9 10 11 12 | 12.7
Spellcasting   | 3 4 5 6 7 8 9 10 11 12 13 | 13.5
Conjurations   | 1 2 3 4 5 6 7 8 9 10 11 | 11.0
Armour         | 2 3 5 6 7 8 9 |  9.4
Shields        | 2 3 5 6 7 8 9 |  9.7
Fighting       | 3 5 6 8 9 10 | 10.6
Staves         | 1 3 4 5 6 7 8 |  8.4
Dodging        | 2 3 4 5 6 7 |  7.6
Fire Magic     | 2 3 4 5 6 7 |  7.5
Poison Magic   | 1 3 4 5 6 |  6.0
Charms         | 1 2 3 4 5 |  5.1
Ice Magic      | 1 3 4 5 6 |  6.7
Evocations     | 1 2 4 6 |  6.1
Air Magic      | 1 2 |  2.8
Stealth        | |  2.1
Transmutations | |  0.7

Action                   |  1- 3 |  4- 6 |  7- 9 | 10-12 | 13-15 | 16-18 || total
-------------------------+-------+-------+-------+-------+-------+-------++-------
Melee: Unarmed           |    13 |    51 |     2 |       |       |       ||    66
       Whip              |       |       |   200 |       |       |       ||   200
       Staff             |       |       |     9 |    41 |    93 |    24 ||   167
 Cast: Sandblast         |    59 |   165 |    32 |    10 |   145 |       ||   411
       Stone Arrow       |       |     1 |   132 |   421 |   691 |   314 ||  1559
       Lee's Rapid Decon |       |       |     1 |    39 |    50 |    21 ||   111
       Petrify           |       |       |       |     4 |       |       ||     4
       Ozocubu's Armour  |       |       |       |     2 |    18 |    12 ||    32
       Sticky Flame      |       |       |       |       |    93 |    10 ||   103
       Mephitic Cloud    |       |       |       |       |    32 |     8 ||    40
       Fireball          |       |       |       |       |     7 |    48 ||    55
       Bolt of Magma     |       |       |       |       |    10 |    76 ||    86
 Abil: Fly               |       |       |       |       |     1 |       ||     1
Evoke: Wand              |       |       |       |       |     2 |       ||     2
  Use: Scroll            |       |     7 |       |    12 |    11 |    10 ||    40
       Potion            |       |       |       |       |       |     3 ||     3
  Eat: Chunk             |     1 |     7 |    12 |    33 |    46 |    28 ||   127
       Beef jerky        |       |       |     1 |       |     1 |       ||     2
       Royal jelly       |       |       |       |       |     1 |       ||     1
       Pizza             |       |       |       |       |       |     1 ||     1
Armor: Robe              |    15 |    61 |    58 |    79 |   192 |   105 ||   510
Dodge: Dodged            |    37 |   121 |   104 |   104 |   344 |   107 ||   817
Block: Buckler           |       |       |       |    11 |   152 |    53 ||   216
